 Dungeon Crawl Stone Soup version 0.23.2-1-ga50397a (webtiles) character file.

Game seed: 5567856106668160900

128 MalarOregon the Digger (level 5, -1/37 (38) HPs)
             Began as a Ghoul Earth Elementalist on May 26, 2019.
             Killed from afar by an orc (3 damage)
             ... on level 3 of the Dungeon.
             The game lasted 00:06:29 (3126 turns).

MalarOregon the Digger (Ghoul Earth Elementalist)   Turns: 3126, Time: 00:06:30

HP:   -1/37 (38)    AC:  4    Str: 12    XL:     5   Next: 12%
MP:   2/8           EV: 12    Int: 11    God:
Gold: 88            SH:  0    Dex:  9    Spells: 5/9 levels left

rFire    . . .     SeeInvis .   (no weapon)
rCold    + . .     Gourm    .   (no shield)
rNeg     + + +     Faith    .   c - +0 robe
rPois    ∞         Spirit   .   (no helmet)
rElec    .         Reflect  .   (no cloak)
rCorr    .         Harm     .   f - +1 pair of gloves
MR       .....                  (no boots)
Stlth    ++........             (no amulet)
HPRegen  0.00/turn              (no ring)
MPRegen  0.11/turn              (no ring)

@: rotting
A: rotting body, claws 1, carnivore, cold resistance 1, negative energy
resistance 3, inhibited regeneration, torment resistance, unbreathing
a: no special abilities


You were on level 3 of the Dungeon.
You were not hungry.

You visited 1 branch of the dungeon, and saw 3 of its levels.

You collected 88 gold pieces.

Inventory:

Armour
 c - a +0 robe (worn)
 f - a +1 pair of gloves (worn)
   (You found it on level 1 of the Dungeon)
Wands
 t - a wand of flame (4)
   (You found it on level 2 of the Dungeon)
Scrolls
 a - 4 scrolls of teleportation {@r4}
 d - 2 scrolls of remove curse {@r2}
 k - 2 scrolls of immolation {!r}
Potions
 h - 4 potions of heal wounds {unknown}
 i - a potion of flight {unknown}
 m - a potion of brilliance {unknown}
 n - a potion of might {unknown}
Comestibles
 e - 3 rations {!d}


   Skills:
 - Level 2.0 Dodging
 + Level 3.8 Stealth
 + Level 2.8 Spellcasting
   Level 0.8 Transmutations
 + Level 4.4 Earth Magic


You had 5 spell levels left.
You knew the following spells:

 Your Spells              Type           Power        Failure   Level  Hunger
a - Sandblast             Erth           ##....       4%          1    #......
x - Stone Arrow           Conj/Erth      #.....       32%         3    ###....

Your spell library contained the following spells:

 Spells                   Type           Power        Failure   Level  Hunger
 Passwall                 Tmut/Erth      #.......     14%         2    ###....
 Petrify                  Tmut/Erth      #.......     65%         4    #####..
 Lee's Rapid Deconstruct  Erth           ##........   77%         5    ######.


Dungeon Overview and Level Annotations

Branches:
Dungeon (3/15)

Altars:


Innate Abilities, Weirdness & Mutations

Your body is rotting away.
You thrive on raw meat.
You are immune to poison.
You have sharp fingernails.
You are carnivorous and can eat meat at any time.
Your flesh is cold resistant. (rC+)
You are immune to negative energy. (rN+++)
You do not regenerate when monsters are visible.
You are immune to unholy pain and torment.
You can survive without breathing.


Message History

The stone arrow misses the orc.
Your magical contamination has completely faded away.
A rat comes into view.
An adder comes into view.
There is an open door here.
The orc hits you but does no damage.
You barely miss the orc. The orc misses you.
You barely miss the rat. The rat misses you. The orc misses you.
You closely miss the rat.
An orc comes into view. It is wielding a +0 whip.
The rat closely misses you. The orc barely misses you.
You barely miss the rat. The rat closely misses you. The orc barely misses you.
You hit the rat.
An orc comes into view.
The rat bites you but does no damage. The orc barely misses you.
The orc shouts!
You hit the rat. The rat closely misses you.
Aim: an orc, wielding a +0 rapier of electrocution The stone arrow misses the orc.
The stone arrow hits the orc!
You kill the orc!
The orc closely misses you. The rat closely misses you.
An orc comes into view. It is wielding a +0 whip.
You closely miss the orc. The orc barely misses you. The rat barely misses you.
The orc shouts!
You hit the orc but do no damage. The orc misses you.
The rat bites you but does no damage.
You hit the rat.
You kill the rat!
The orc hits you but does no damage.
You hit the orc. The orc barely misses you.
You barely miss the orc.
You feel your flesh rotting away. The orc closely misses you.
You hit the orc but do no damage. The orc misses you.
You hit the orc but do no damage.
The orc hits you with a +0 rapier of electrocution.
You are electrocuted!
* * * LOW HITPOINT WARNING * * *
An orc comes into view. It is wielding a +0 club.
There is an open door, spattered with blood here.
The orc throws an exploding tomahawk.
The exploding tomahawk completely misses you.
The exploding tomahawk explodes!
The adder hisses angrily.
Found a lumpy black potion.
The orc throws an exploding tomahawk.
The exploding tomahawk barely misses you.
The exploding tomahawk explodes!
The explosion of tomahawk fragments engulfs you.
You die...

**,*,,,,* ##'## *,*
##,***,##* ##...## *,* #.#*
##.# ##.....## *,****
*#.###.#* ##.......##*,#*,**
###.#..####.....S...##.#,,,**
.....o...oo.............,,,,*
####...####..o.......!.,,,,**
##.## ##.......#**,*,,** #.#
##.o.@..# *,*,***** #.#
##...#.# *,,,,,,,* #.#
##+##,# ***,***,* #.#
####.#*,* *,* *,*
#.#*####....#*,*****,* *,*
*,,,........##,,,,,,,* *,*
******##.....##******* *,*
#.......# ********,*
#.#<...## *,,,,,,,,*


You could see an adder and 4 orcs.

Vanquished Creatures
  Natasha (D:3)
  A gnoll (D:1)
  An adder (D:2)
  An ooze (D:3)
  2 worms
  A dart slug (D:2)
  2 leopard geckos (D:2)
  4 orcs (D:3)
  A ball python (D:3)
  3 bats (D:1)
  4 giant cockroaches
  7 goblins
  7 hobgoblins
  5 jackals (D:2)
  10 kobolds
  A quokka (D:2)
  3 frilled lizards
  8 rats
62 creatures vanquished.

Notes
Turn   | Place    | Note
-------+----------+-------------------------------------------
     0 | D:1      | MalarOregon the Ghoul Earth Elementalist began the quest
                  | for the Orb.
     0 | D:1      | Reached XP level 1. HP: 14/14 MP: 2/2
   102 | D:1      | Reached XP level 2. HP: 18/20 MP: 0/3
   460 | D:1      | Reached XP level 3. HP: 26/26 MP: 2/5
  1067 | D:2      | Reached skill level 4 in Earth Magic
  1067 | D:2      | Reached XP level 4. HP: 24/32 MP: 0/6
  1334 | D:2      | Learned a level 3 spell: Stone Arrow
  2742 | D:3      | Noticed Natasha
  2791 | D:3      | Killed Natasha
  2791 | D:3      | Reached XP level 5. HP: 16/38 MP: 2/8
  3126 | D:3      | Killed from afar by an orc

Skill      XL: |  1  2  3 |
---------------+----------+-----
Dodging        | 2 |  2.0
Spellcasting   | 2 |  2.8
Stealth        | 3 |  3.8
Earth Magic    | 4 |  4.4
Transmutations | |  0.8

Action                   |  1- 3 |  4- 6 || total
-------------------------+-------+-------++-------
Melee: Unarmed           |    65 |   126 ||   191
 Cast: Sandblast         |    43 |    40 ||    83
       Stone Arrow       |       |    10 ||    10
Evoke: Wand              |       |     4 ||     4
  Use: Scroll            |       |     5 ||     5
 Stab: Sleeping          |     2 |       ||     2
  Eat: Chunk             |     5 |     6 ||    11
Armor: Robe              |    13 |    18 ||    31
Dodge: Dodged            |    57 |    79 ||   136
